AoeStats
← Calaquende

Nomad

508970813Analyzed
2v2 RM · 6d ago on Sep 24, 2026· 23m 24s· 4 players
Game mode
Random Map
Map size
176×176
Population
200
Speed
Normal
Resources
Standard
Victory
Conquest
Starting age
Dark Age
Ending age
Imperial Age
RankedLock teamsTeams togetherTeam positionsShared explorationLock speedFull tech treeHidden civsTurbo modeCheats
Victory
Defeat
🇨🇱 Tupi · Chile
1379
+16
🇹🇷 Vikings · Türkiye
1347
+18
🇩🇪 Danes · Germany
1399
-17
🇩🇪 Berbers · Germany
1374
-17
maujel
4:08 Loom
13:24 Feudal Age
17:26 Castle Age
16:10 Double-Bit Axe
22:43 Fletching
BULLETS ARE SEXY
3:11 Loom
12:48 Feudal Age
15:08 Town Watch
16:10 Double-Bit Axe
16:50 Arson
19:06 Castle Age
16:53 Man-at-Arms
19:20 Long Swordsman
20:32 Squires
20:37 Fishing Lines
23:17 Scale Mail Armor
Calaquende
4:54 Loom
13:12 Feudal Age
16:55 Castle Age
15:44 Double-Bit Axe
15:52 Gold Mining
16:51 Fletching
17:52 Bodkin Arrow
18:30 Town Watch
Jordan Belfort
12:31 Feudal Age
17:01 Castle Age
17:56 Fletching
23:35 Loom
Connection lost

Rejoining the realm…

Still unreachable

The connection could not be restored.

Session expired

The server has moved on; the page needs a fresh start.